 Dungeon Crawl Stone Soup version 0.22-a0-354-g30dfbe6fde (webtiles) character file.

416631 blubbertyp the Ninja (level 22, -15/121 HPs)
             Began as a Spriggan Enchanter on Apr 15, 2018.
             Was an Initiate of Gozag.
             Killed from afar by a war gargoyle (64 damage)
             ... with a spray of metal splinters
             ... while paralysed
             ... on level 5 of the Vaults on Apr 17, 2018.
             The game lasted 08:05:02 (83094 turns).

blubbertyp the Ninja (Spriggan Enchanter)          Turns: 83094, Time: 08:05:02

Health: -15/121    AC:  7    Str:  5    XL:     22   Next: 57%
Magic:  37/51      EV:  4    Int: 25    God:    Gozag
Gold:   10673      SH:  0    Dex: 15    Spells: 4/45 levels left

rFire    + . .     SeeInvis +   v - +9 dagger (flame)
rCold    . . .     Gourm    .   (shield restricted)
rNeg     . . .     Faith    .   P - +2 robe {MR+}
rPois    +         Spirit   .   J - +0 hat
rElec    .         Reflect  +   s - +2 cloak {MR+}
rCorr    .         Harm     .   (gloves unavailable)
MR       +++++                  (boots unavailable)
Stlth    ++++++++++             H - +5 amulet of reflection
HPRegen  0.30/turn              Z - ring "Vokh" {rPois MP+9 Int+2 Dex-2 SInv Stlth+}
MPRegen  0.32/turn              T - ring of protection from magic

@: paralysed, gold aura, berserk cooldown, slowed, bribing [the Vaults], very
quick
A: very small, unfitting armour, see invisible, clumsy 1, fire resistance 1,
herbivore, speed 3, high mp 1, screaming 1, slow metabolism 2
}: 2/15 runes: barnacled, gossamer
a: Potion Petition, Call Merchant, Bribe Branch, Renounce Religion


You were on level 5 of the Vaults.
You worshipped Gozag.
Gozag was extremely pleased with you.
You were hungry.

You visited 9 branches of the dungeon, and saw 42 of its levels.
You visited the Abyss 1 time.

You collected 19437 gold pieces.
You spent 3034 gold pieces at shops.
You paid 5730 gold pieces to Gozag.

Inventory:

Hand Weapons
 v - a +9 dagger of flaming (weapon)
Armour
 s - a +2 cloak of magic resistance (worn)
 J - a +0 hat (worn)
 P - a +2 robe of magic resistance (worn)
 U - the +0 cloak "Rafigo" {rF+++ Dex-4 Slay+2}
   (You bought it in a shop on level 2 of the Orcish Mines)

   It affects your dexterity (-4).
   It affects your accuracy and damage with ranged weapons and melee attacks
   (+2).
   It renders you almost immune to fire.
 Y - the +3 buckler of Impatience {*Contam rElec rCorr Stlth+}
   (You acquired it on level 4 of the Vaults)

   It insulates you from electricity.
   It causes magical contamination when unequipped.
   It protects you from acid and corrosion.
   It makes you more stealthy.
Magical Staves
 k - an uncursed staff of wizardry
Jewellery
 b - a +4 ring of intelligence
 j - an uncursed ring of positive energy
 r - the ring "Roniups" {rN+ MR++ Int+4 Dex-2}
   (You found it on level 3 of the Elven Halls)

   [ring of positive energy]

   It affects your intelligence (+4).
   It affects your dexterity (-2).
   It protects you from negative energy.
   It affects your resistance to hostile enchantments.
 u - an uncursed ring of flight
 H - a +5 amulet of reflection (around neck)
 K - an uncursed ring of wizardry
 T - a ring of protection from magic (right hand)
 W - an uncursed amulet of the acrobat
 X - an uncursed ring of protection from cold
 Z - the ring "Vokh" (left hand) {rPois MP+9 Int+2 Dex-2 SInv Stlth+}
   (You found it on level 14 of the Dungeon)

   [ring of magical power]

   It affects your intelligence (+2).
   It affects your dexterity (-2).
   It protects you from poison.
   It affects your magic capacity (+9).
   It lets you see invisible.
   It makes you more stealthy.
Wands
 m - a wand of iceblast (37)
 w - a wand of flame (213)
 y - a wand of paralysis (19)
 G - a wand of clouds (16)
 M - a wand of scattershot (10)
 O - a wand of polymorph (46)
 V - a wand of acid (25)
Scrolls
 f - 25 scrolls of remove curse
 l - 2 scrolls of teleportation
 A - 14 scrolls of amnesia
 B - a scroll of identify
 E - 4 scrolls of fear
 N - a scroll of summoning
 Q - 5 scrolls of fog
 R - 3 scrolls of magic mapping
 S - 3 scrolls of silence
Potions
 a - 4 potions of agility
 c - 7 potions of mutation
 e - 3 potions of berserk rage
 g - 5 potions of lignification
 h - 9 potions of brilliance
 i - 4 potions of ambrosia
 n - 20 potions of curing
 o - 4 potions of might
 p - 8 potions of haste
 q - 4 potions of magic
 t - 7 potions of resistance
 D - a potion of heal wounds
 F - 3 potions of cancellation
Miscellaneous
 x - 3 phantom mirrors
 z - a phial of floods
 C - a lamp of fire
 I - a box of beasts
Comestibles
 d - 24 rations


   Skills:
 - Level 14.3 Fighting
 - Level 10.0 Short Blades
 - Level 20.0 Dodging
 O Level 27 Stealth
 - Level 4.0 Shields
 - Level 12.0 Spellcasting
 - Level 22.0 Hexes
 + Level 4.9 Summonings
 * Level 11.4 Translocations
 - Level 20.0 Evocations


You had 4 spell levels left.
You knew the following spells:

 Your Spells              Type           Power        Failure   Level  Hunger
a - Corona                Hex            #######      0%          1    None
b - Ensorcelled Hibernat  Hex/Ice        ######       1%          2    None
c - Confuse               Hex            #######.     0%          3    None
d - Dazzling Spray        Conj/Hex       ######       1%          3    None
e - Blink                 Tloc           N/A          1%          2    None
f - Invisibility          Hex            #######.     1%          6    #####..
g - Apportation           Tloc           ######       1%          1    None
h - Summon Butterflies    Summ           #####...     1%          1    None
i - Shroud of Golubria    Chrm/Tloc      #####.....   1%          2    None
j - Discord               Hex            #######...   3%          8    #######
k - Summon Mana Viper     Hex/Summ       ######..     1%          5    ###....
l - Malign Gateway        Summ/Tloc      ######....   75%         7    ######.


Dungeon Overview and Level Annotations

Branches:
Dungeon (15/15)            Temple (1/1) D:7            Lair (6/6) D:10
 Shoals (4/4) Lair:3       Spider (4/4) Lair:3        Slime (0/5) Lair:5
    Orc (2/2) D:10            Elf (3/3) Orc:2        Vaults (5/5) D:13
  Crypt (0/3) Vaults:2     Depths (2/5) D:15

Altars:
Ashenzari
Cheibriados
Dithmenos
Elyvilon
Fedhas
Gozag
Hepliaklqana
Kikubaaqudgha
Makhleb
Nemelex Xobeh
Okawaru
Qazlal
Ru
Sif Muna
Trog
Uskayaw
Vehumet
Wu Jian
Xom
Yredelemnul
Zin
The Shining One
Beogh
Jiyva

Shops:
D:8 (   D:9 *   D:14 :   D:15 [!   Orc:2 :(%[   Elf:1 =   Elf:2 [   Elf:3 ?
Vaults:1 **[(}   Vaults:4 ?   Depths:1 =

Portals:
Hell: Depths:1 Depths:2
Pandemonium: Depths:1
Ziggurat: Depths:1
Trove: Vaults:2 (give +2 gold dragon scales)

Annotations:
Shoals:2 2 transporters
Spider:4 Mara
Vaults:5 Kriby's ghost, veteran TrMo; psch's ghost, adept DDEE
Depths:2 Naab's ghost, veteran SpEn


Innate Abilities, Weirdness & Mutations

You are very small and have problems with some larger weapons.
You are too small for most types of armour.
You have supernaturally acute eyesight. (SInv)
You are a herbivore.
You cover ground extremely quickly.
You need to consume almost no food.
You are clumsy. (Dex -2)
Your flesh is heat resistant. (rF+)
You have an increased reservoir of magic. (+10% MP)
You occasionally shout uncontrollably at your foes.


Message History

[c] - 0 gold - heal wounds, curing and berserk rage Purchase which effect?
You feel much better.
You feel better.
A red film seems to cover your vision as you go berserk!
You feel yourself moving faster!
You feel mighty!
The war gargoyle hits your vault warden with a flail!!
You feel a strong urge to attack something.
Your vault warden hits the war gargoyle but does no damage.
You feel your anger nearly subside.
You are no longer berserk.
You pass out from exhaustion.
You feel yourself slow down.
Your vault warden hits the war gargoyle with a dire flail!!
The ettin zombie closely misses your vault warden.
The ettin zombie hits your vault warden!
The war gargoyle launches metal splinters at you.
Helpless, you fail to dodge the spray of metal splinters.
Ouch! That really hurt!
You die...
Your body crumbles into a pile of gold.

.###.#.#.###§#....#...#****,,,,,,
,,,..#.#.W...#....#*....,,,,,,,,,
,###.#W#.###.#.Z..#**,..,,,,,,,,,
,,....}....$(#....# **,,,,,,,,,,,
,*,#$###.#.#9#..Cp# **,,,,,,,,,,,
,*,#..9..#/#.#....#**,,,,,,,***,*
,*.#Z###9#.#.#..9.#*,,,,,,,***,,,
,............#....#*,,,,,,***$,,,
,###.#.#.###.#..@.#*,,,,,,**,,$$$
,,,..#)#.....#....#,,,,,,,**,,$∩$
,**#.#.#.###.#....#.......#*,,$$$
,,,..........#...[#.......##*$,,,
,*,#.###.#.#.#(...##.......##****
,*,*,,,..#.#.#..$.##........##***
,*,*,###.#.#W#...$##..........,,,
,,,,,........#(($.##..........,,,
,***,#.#.###.#....##..........,,,


You could see a war gargoyle, an ettin zombie, a friendly stone giant and a
friendly vault warden.

Vanquished Creatures
  Bai Suzhen (Vaults:4)
  Saint Roka (Orc:1)
  Nikola (Shoals:3)
  Arachne (Spider:2)
  Rupert (Lair:3)
  2 liches
  A tentacled monstrosity (Vaults:3)
  3 deep elf blademasters
  Polyphemus (Shoals:3)
  Kirke (D:15)
  3 sphinxes
  Donald (Elf:1)
  A storm dragon (Depths:2)
  2 tengu reavers (Vaults:4)
  Ilsuiw (Shoals:4)
  6 fire giants
  6 vault wardens
  3 ghost moths
  3 frost giants
  2 deep elf sorcerers
  5 emperor scorpions (Spider:4)
  Aizul (Depths:1)
  The ghost of RKaid the Warrior, a journeyman DrCK of Xom (Orc:2)
  An orc warlord (Vaults:3)
  4 deep elf elementalists (Elf:3)
  5 ironheart preservers
  A ghoul (Vaults:4)
  4 very ugly things (Depths:1)
  8 entropy weavers
  14 stone giants
  9 deep elf demonologists
  2 vampire knights
  10 deep elf annihilators
  7 ettins
  A merfolk javelineer (Depths:2)
  12 deep elf death magi
  2 fire dragons
  3 deep elf high priests
  5 yaktaur captains
  The ghost of loom the Carver, a journeyman DrBe of Trog (D:11)
  6 merfolk impalers
  7 rakshasas
  4 great orbs of eyes
  7 ice dragons
  5 vault guards
  6 hydras
  4 catoblepae
  5 centaur warriors
  6 merfolk avatars
  4 merfolk aquamancers
  2 death knights
  15 death yaks
  3 satyrs
  49 two-headed ogres
  A deep troll shaman (Depths:2)
  Urug (Orc:1)
  7 tengu warriors
  15 ogre magi
  2 deep troll earth magi (Vaults:4)
  2 hell hogs (Depths:2)
  2 orc high priests
  Nergalle (Lair:1)
  21 deep elf knights
  A fire crab (shapeshifter) (Vaults:1)
  An iron troll (Depths:1)
  3 shadow wraiths
  An unseen horror (D:12)
  2 flayed ghosts (Vaults:4)
  3 skeletal warriors (Vaults:2)
  6 sea snakes
  6 deep trolls
  An unseen horror (shapeshifter) (Depths:2)
  A swamp dragon (shapeshifter) (Depths:1)
  4 wizards
  16 deep elf archers
  2 glowing orange brains
  A wolf spider zombie (D:14)
  11 ironbrand convokers
  2 necromancers
  18 orb spiders
  5 orc sorcerers
  18 orc knights
  4 phantasmal warriors
  15 harpies
  50 deep elf magi
  6 cyclopes
  26 ugly things
  An elephant (shapeshifter) (Vaults:1)
  47 wolf spiders
  10 manticores
  13 fauns
  4 moths of wrath
  A shining eye (shapeshifter) (Vaults:2)
  An elephant (Lair:3)
  Maurice (Orc:1)
  A stone giant skeleton (Vaults:2)
  14 merfolk sirens
  A guardian serpent (shapeshifter) (Vaults:2)
  7 black mambas
  2 spiny frogs (shapeshifter)
  10 vault sentinels
  13 spiny frogs
  2 torpor snails (Spider:3)
  4 rime drakes
  10 water nymphs
  6 centaur skeletons
  6 kobold demonologists
  3 gargoyles
  11 komodo dragons
  6 demonic crawlers
  A komodo dragon (shapeshifter) (Depths:2)
  23 yaktaurs
  7 freezing wraiths
  A yaktaur (shapeshifter) (Vaults:4)
  5 harpy zombies (Shoals:1)
  27 merfolk
  A troll (shapeshifter) (Vaults:1)
  A jumping spider (shapeshifter) (Elf:1)
  A polar bear (Lair:6)
  7 tengu conjurers
  40 jumping spiders
  6 meliai
  A queen bee (Lair:3)
  5 trolls
  10 snapping turtles
  6 wind drakes
  11 hornets
  10 blink frogs
  Prince Ribbit (D:6)
  A wind drake (shapeshifter) (Vaults:3)
  14 slime creatures
  9 dream sheep
  22 hippogriffs
  An air elemental (Elf:2)
  2 ettin zombies (Vaults:5)
  A fire giant simulacrum (Vaults:3)
  94 redbacks
  A blink frog (shapeshifter) (Vaults:2)
  2 tarantellas (shapeshifter)
  Sigmund (D:3)
  5 wraiths
  A spriggan (Lair:2)
  17 water elementals
  5 wyverns
  72 yaks
  A spriggan (shapeshifter) (Vaults:2)
  2 fire elementals (Elf:1)
  7 hogs (D:15)
  21 tarantellas
  2 basilisks
  2 hungry ghosts
  3 steam dragons
  5 wargs
  A soldier ant (D:14)
  2 acid dragons
  Duvessa (D:7)
  18 water moccasins
  7 hell hounds (Depths:2)
  5 porcupines
  An eye of draining (D:12)
  4 ice beasts
  A phantom (D:8)
  A hornet zombie (D:15)
  54 orc warriors
  A swamp drake (D:10)
  7 sky beasts
  A black bear (D:6)
  6 boggarts
  35 ogres
  27 centaurs
  2 necrophages
  An elf simulacrum (Vaults:1)
  33 wolves
  12 crocodiles
  A human zombie (Vaults:5)
  9 big kobolds
  2 hippogriff zombies (Shoals:1)
  13 bullfrogs
  A wyvern zombie (D:10)
  Dowan (D:7)
  3 earth elementals
  2 human skeletons (Vaults:2)
  2 scorpions
  A water moccasin zombie (D:6)
  A hornet simulacrum (D:14)
  39 killer bees
  7 wights
  3 electric eels
  A howler monkey (D:7)
  5 centaur zombies
  8 crimson imps
  2 quasits
  4 bullfrog skeletons
  4 bullfrog zombies
  7 hounds
  19 orc priests
  3 jellies
  Crazy Yiuf (D:7)
  An iron imp (Abyss:2)
  6 iguanas
  Ijyb (D:3)
  Natasha (D:3)
  19 orc wizards
  14 worker ants
  2 hound zombies (D:5)
  2 howler monkey zombies
  3 worker ant zombies
  3 gnolls (D:5)
  19 adders
  4 shadow imps
  2 oozes (D:2)
  An adder zombie (D:8)
  2 worms (D:2)
  4 dart slugs
  8 leopard geckos
  60 orcs
  5 giant cockroaches
  9 goblins
  5 hobgoblins
  7 jackals
  27 kobolds
  5 quokkas
  A ball python (D:4)
  8 bats
  6 frilled lizards
  A jackal zombie (D:5)
  2 leopard gecko zombies (D:5)
  4 rats
1735 creatures vanquished.

Vanquished Creatures (collateral kills)
  A golden dragon (Vaults:5)
  A tengu reaver (Vaults:5)
  A deep elf elementalist (Vaults:5)
  A stone giant (Vaults:5)
  An entropy weaver (Vaults:5)
  An ironheart preserver (Vaults:5)
  A deep elf demonologist (Vaults:5)
  2 yaktaur captains (Vaults:5)
  An ice dragon (Vaults:5)
  A death knight (Vaults:5)
  15 vault guards (Vaults:5)
  A deep troll (Vaults:5)
  An ironbrand convoker (Vaults:5)
  A phantasmal warrior (Vaults:5)
  A deep elf mage (Vaults:5)
  A vault sentinel (Vaults:5)
  A yaktaur (Vaults:5)
  A redback (Vaults:5)
  A tarantella (Vaults:5)
34 creatures vanquished.

Vanquished Creatures (others)
  2 deep elf master archers (Elf:3)
  An eldritch tentacle (Vaults:5)
  An ironheart preserver (Vaults:5)
  A deep elf death mage (Elf:3)
  A yaktaur captain (Vaults:4)
  6 vault guards (Vaults:5)
  30 dancing weapons
  A centaur warrior (Depths:2)
  An orc knight (Vaults:5)
  An ugly thing (Depths:1)
  A faun (Shoals:4)
  A vault sentinel (Vaults:5)
  3 yaktaurs
  A tengu conjurer (Depths:1)
  A raiju (shapeshifter) (Depths:1)
  A wraith (Vaults:5)
  A water elemental (Elf:1)
  An orc warrior (Orc:2)
  8 centaurs
  3 orcs (Orc:2)
  22 fungi
  43 plants
131 creatures vanquished.

Grand Total: 1900 creatures vanquished

Notes
Turn   | Place    | Note
-------+----------+-------------------------------------------
     0 | D:1      | blubbertyp the Spriggan Enchanter began the quest for the Orb.
     0 | D:1      | Reached XP level 1. HP: 9/9 MP: 5/5
   186 | D:1      | Reached skill level 5 in Stealth
   186 | D:1      | Reached XP level 2. HP: 5/13 MP: 6/6
   190 | D:1      | Learned a level 2 spell: Ensorcelled Hibernation
  1234 | D:2      | Found a radiant altar of Vehumet.
  1297 | D:2      | Reached XP level 3. HP: 16/16 MP: 8/8
  1758 | D:2      | Found a sacrificial altar of Ru.
  1776 | D:2      | Reached skill level 6 in Stealth
  2076 | D:2      | Reached XP level 4. HP: 21/21 MP: 9/9
  2160 | D:2      | Learned a level 3 spell: Confuse
  2606 | D:3      | Noticed Sigmund
  2862 | D:3      | Reached skill level 7 in Stealth
  3001 | D:3      | Reached XP level 5. HP: 24/24 MP: 10/10
  3006 | D:3      | Learned a level 3 spell: Dazzling Spray
  3121 | D:3      | Noticed Ijyb
  3126 | D:3      | Killed Sigmund
  3126 | D:3      | Reached skill level 8 in Stealth
  3126 | D:3      | Reached XP level 6. HP: 28/28 MP: 11/11
  3132 | D:3      | Killed Ijyb
  3132 | D:3      | Reached skill level 5 in Short Blades
  3310 | D:3      | Noticed Natasha
  3320 | D:3      | Killed Natasha
  3564 | D:3      | Found a faded altar of an unknown god.
  4180 | D:4      | Reached XP level 7. HP: 32/32 MP: 14/14
  4318 | D:4      | Reached skill level 5 in Hexes
  4498 | D:5      | Entered Level 5 of the Dungeon
  4848 | D:5      | Reached XP level 8. HP: 25/36 MP: 15/15
  5011 | D:5      | Reached skill level 1 in Fighting
  5282 | D:5      | Reached skill level 5 in Dodging
  6586 | D:6      | Reached XP level 9. HP: 43/44 MP: 16/16
  6626 | D:6      | Reached skill level 9 in Stealth
  6645 | D:6      | Found an iron altar of Okawaru.
  6906 | D:7      | Found a runed door.
  6910 | D:7      | Noticed Crazy Yiuf
  6929 | D:7      | Killed Crazy Yiuf
  7006 | D:7      | Noticed Duvessa
  7006 | D:7      | Noticed Dowan
  7027 | D:7      | Killed Duvessa
  7034 | D:7      | Killed Dowan
  7034 | D:7      | Reached skill level 10 in Stealth
  7056 | D:7      | Noticed Prince Ribbit
  7099 | D:6      | Killed Prince Ribbit
  7390 | D:7      | Reached skill level 11 in Stealth
  7554 | D:7      | Reached skill level 12 in Stealth
  7939 | D:7      | Found a staircase to the Ecumenical Temple.
  8100 | D:8      | Reached XP level 10. HP: 49/49 MP: 17/17
  8398 | D:8      | Found Vontaez's Weapon Shop.
  8460 | Temple   | Entered the Ecumenical Temple
  8985 | D:9      | Reached skill level 5 in Spellcasting
  9043 | D:9      | Found an ornate altar of the Wu Jian Council.
  9079 | D:9      | Noticed a two-headed ogre
  9315 | D:9      | Found a glowing silver altar of Zin.
  9316 | D:9      | Noticed an angel
  9419 | D:9      | Found Ohueptih's General Store.
  9439 | D:9      | Bought a potion of might for 52 gold pieces
  9961 | D:9      | Found a bloodstained altar of Trog.
  9961 | D:9      | Found an opulent altar of Gozag.
  9965 | D:9      | Became a worshipper of Gozag Ym Sagoz the Greedy
 10040 | D:10     | Entered Level 10 of the Dungeon
 10214 | D:10     | Noticed a two-headed ogre
 10248 | D:10     | Killed a two-headed ogre
 10248 | D:10     | Reached skill level 13 in Stealth
 10430 | D:10     | Reached skill level 10 in Dodging
 10430 | D:10     | Reached XP level 11. HP: 54/54 MP: 21/21
 10744 | D:10     | Noticed a two-headed ogre
 10746 | D:10     | Killed a two-headed ogre
 11003 | D:10     | Found a staircase to the Lair.
 11025 | D:10     | Found a staircase to the Orcish Mines.
 11129 | D:10     | Reached skill level 10 in Hexes
 11558 | D:10     | Got a polished hunting sling
 11559 | D:10     | Identified the +5 hunting sling of Attainder {flame, rC+ rN+ MR- Dex+4} (You found it on level 10 of the Dungeon)
 11612 | D:11     | Noticed a two-headed ogre
 11619 | D:11     | Killed a two-headed ogre
 11619 | D:11     | Reached skill level 5 in Fighting
 11720 | Lair:1   | Entered Level 1 of the Lair of Beasts
 12063 | Lair:1   | Noticed Nergalle
 12071 | Lair:1   | Killed Nergalle
 12071 | Lair:1   | Reached skill level 14 in Stealth
 12408 | Lair:2   | Noticed a death yak
 12417 | Lair:2   | Noticed a death yak
 12453 | Lair:2   | Reached skill level 10 in Short Blades
 12474 | Lair:2   | Found a shimmering altar of Xom.
 12971 | Lair:2   | Noticed a spriggan rider
 13017 | Lair:2   | Reached XP level 12. HP: 49/61 MP: 15/23
 13269 | Lair:2   | Reached skill level 15 in Stealth
 13277 | Lair:2   | Reached skill level 1 in Shields
 13327 | Lair:2   | Noticed a death yak
 13404 | Lair:2   | Noticed a death yak
 13811 | Lair:2   | Noticed a death yak
 13998 | Lair:1   | Killed a death yak
 14051 | Lair:2   | Noticed a death yak
 14075 | Lair:1   | Killed a death yak
 14082 | Lair:1   | Killed a death yak
 14101 | Lair:1   | Killed a death yak
 14118 | Lair:1   | Killed a death yak
 14238 | Lair:2   | Killed a death yak
 14353 | Lair:3   | Found a staircase to the Shoals.
 14603 | Lair:3   | Reached skill level 15 in Dodging
 14984 | Lair:3   | Noticed a four-headed hydra
 15320 | Lair:3   | Killed a four-headed hydra
 15497 | Lair:3   | Reached XP level 13. HP: 65/65 MP: 22/24
 15586 | Lair:3   | Found a hole to the Spider Nest.
 16030 | Lair:3   | Identified the Disquisition on Dark Secrets
 16318 | Lair:3   | Noticed Rupert
 16343 | Lair:3   | Killed Rupert
 16343 | Lair:3   | Reached skill level 16 in Stealth
 17385 | Lair:5   | Found a viscous altar of Jiyva.
 17386 | Lair:5   | Found a staircase to the Slime Pits.
 17738 | Lair:5   | Reached skill level 17 in Stealth
 18411 | Lair:6   | Entered Level 6 of the Lair of Beasts
 19609 | Lair:6   | Reached skill level 1 in Evocations
 19766 | Lair:6   | Reached skill level 18 in Stealth
 19766 | Lair:6   | Reached XP level 14. HP: 74/74 MP: 22/25
 20579 | Lair:6   | Reached skill level 5 in Evocations
 22018 | Lair:6   | Reached skill level 19 in Stealth
 22030 | Lair:6   | Learned a level 2 spell: Blink
 22218 | Orc:1    | Entered Level 1 of the Orcish Mines
 22276 | Orc:1    | Found a roughly hewn altar of Beogh.
 22346 | Orc:2    | Entered Level 2 of the Orcish Mines
 22552 | Orc:2    | Noticed RKaid's ghost (journeyman DrCK)
 22992 | Orc:2    | Killed RKaid's ghost
 23130 | Orc:2    | Found a staircase to the Elven Halls.
 23429 | Orc:1    | Found a deep blue altar of Sif Muna.
 23536 | Orc:1    | Noticed Maurice
 23555 | Orc:1    | Killed Maurice
 23870 | Orc:1    | Noticed Urug
 23881 | Orc:1    | Killed Urug
 24092 | Orc:2    | Reached skill level 10 in Fighting
 24711 | Orc:2    | Noticed Saint Roka
 24715 | Orc:2    | Reached skill level 1 in Translocations
 25419 | Orc:1    | Killed Saint Roka
 25815 | Orc:2    | Found Ammeampi's Weapon Emporium.
 25815 | Orc:2    | Found Heuch's Food Shop.
 25817 | Orc:2    | Found Ocock's Antique Armour Boutique.
 25819 | Orc:2    | Found Liwuets's Book Shoppe.
 25826 | Orc:2    | Bought a polished cloak for 313 gold pieces
 25831 | Orc:2    | Bought a book of Party Tricks for 800 gold pieces
 25854 | Orc:2    | Learned a level 6 spell: Invisibility
 25856 | Orc:2    | Learned a level 1 spell: Apportation
 25858 | Orc:2    | Learned a level 1 spell: Summon Butterflies
 25868 | Orc:2    | Identified the +0 cloak "Rafigo" {rF+++ Dex-4 Slay+2} (You bought it in a shop on level 2 of the Orcish Mines)
 25881 | Orc:2    | Learned a level 2 spell: Shroud of Golubria
 26593 | D:11     | Reached XP level 15. HP: 80/80 MP: 26/26
 26673 | D:11     | Noticed loom's ghost (journeyman DrBe)
 26720 | D:11     | Killed loom's ghost
 26785 | D:11     | Upgraded the game from 0.22-a0-353-g2d6336e718 to 0.22-a0-354-g30dfbe6fde
 27707 | D:12     | Reached skill level 20 in Stealth
 28136 | D:12     | Reached skill level 5 in Translocations
 29248 | D:14     | Reached skill level 10 in Evocations
 29447 | D:14     | Got an ancient platinum ring
 29524 | D:14     | Found a blossoming altar of Fedhas.
 29555 | D:14     | Identified the ring "Vokh" {rPois MP+9 Int+2 Dex-2 SInv Stlth+} (You found it on level 14 of the Dungeon)
 30237 | D:15     | Entered Level 15 of the Dungeon
 30719 | D:15     | Reached skill level 21 in Stealth
 30928 | D:15     | Found a staircase to the Depths.
 30928 | D:15     | Noticed a fire giant
 31644 | D:15     | Killed a fire giant
 32798 | D:13     | Found a gate to the Vaults.
 33115 | Spider:1 | Entered Level 1 of the Spider Nest
 33381 | Spider:1 | Reached skill level 22 in Stealth
 33518 | Spider:1 | Reached XP level 16. HP: 85/85 MP: 25/29
 33940 | Spider:1 | Reached skill level 23 in Stealth
 34880 | Spider:2 | Reached skill level 24 in Stealth
 36258 | Spider:3 | Reached skill level 25 in Stealth
 36477 | Spider:3 | Noticed Arachne
 36807 | Spider:2 | Killed Arachne
 37239 | Spider:3 | Reached skill level 26 in Stealth
 37651 | Spider:3 | Found the +7 Spriggan's Knife {MR+ EV+4 Dex+4 Stlth+}
 37772 | Spider:4 | Entered Level 4 of the Spider Nest
 37800 | Spider:4 | Noticed Mara
 37803 | Spider:4 | Noticed blubbertyp's illusion
 37887 | Spider:4 | Reached XP level 17. HP: 89/89 MP: 30/30
 39145 | Spider:4 | Reached skill level 27 in Stealth
 39457 | Spider:4 | Noticed blubbertyp's illusion
 39613 | Spider:4 | Noticed blubbertyp's illusion
 39893 | Spider:4 | Noticed blubbertyp's illusion
 40253 | Spider:4 | Got a gossamer rune of Zot
 40296 | Spider:4 | Gained mutation: You are weak. (Str -2) [mutagenic glow]
 40621 | Spider:3 | Lost mutation: You are weak. (Str -2) [potion of mutation]
 40621 | Spider:3 | Gained mutation: Potions are less effective at restoring your health. [potion of mutation]
 40621 | Spider:3 | Gained mutation: You have very sharp teeth. [potion of mutation]
 40621 | Spider:3 | Gained mutation: You are agile. (Dex +2) [potion of mutation]
 40622 | Spider:3 | Lost mutation: You are agile. (Dex +2) [potion of mutation]
 40622 | Spider:3 | Lost mutation: Potions are less effective at restoring your health. [potion of mutation]
 40622 | Spider:3 | Gained mutation: You have sharp toenails. [potion of mutation]
 40622 | Spider:3 | Gained mutation: You evolve. [potion of mutation]
 40727 | Shoals:1 | Entered Level 1 of the Shoals
 42094 | Shoals:2 | Reached skill level 10 in Spellcasting
 42097 | Shoals:2 | Reached skill level 15 in Hexes
 42358 | Shoals:2 | Found a transporter.
 42557 | Shoals:2 | Found a transporter.
 42693 | Shoals:2 | Got a slimy robe
 42704 | Shoals:2 | Identified the cursed +0 robe "Hiadi" {Str+2} (You found it on level 2 of the Shoals)
 43319 | Shoals:1 | Lost mutation: You have very sharp teeth. [evolution]
 43728 | Shoals:3 | Noticed Nikola
 43732 | Shoals:3 | Killed Nikola
 43821 | Shoals:4 | Entered Level 4 of the Shoals
 45180 | Shoals:4 | Reached XP level 18. HP: 93/93 MP: 33/33
 46168 | Shoals:4 | Noticed Ilsuiw
 46954 | Shoals:4 | Killed Ilsuiw
 47176 | Shoals:4 | Got a barnacled rune of Zot
 47391 | Shoals:3 | Noticed Polyphemus
 48046 | Vaults:1 | Entered Level 1 of the Vaults
 48049 | Vaults:1 | Found Woathep's Antique Armour Emporium.
 48224 | Vaults:1 | Gained mutation: You have an increased reservoir of magic. (+10% MP) [evolution]
 48561 | Vaults:1 | Found Velug's Gadget Shoppe.
 48572 | Vaults:1 | Bought a phantom mirror for 450 gold pieces
 48581 | Vaults:1 | Found a ruined gateway.
 48821 | Vaults:1 | Found Kysaug's Antique Weapon Shop.
 49102 | Vaults:1 | Found Gattis's General Store.
 49116 | Vaults:1 | Bought a scroll of teleportation for 45 gold pieces
 49116 | Vaults:1 | Bought a scroll of identify for 30 gold pieces
 49116 | Vaults:1 | Bought a scroll of fog for 30 gold pieces
 49174 | Vaults:1 | Found Gaunits's General Store.
 49186 | Vaults:1 | Bought a scroll of fear for 59 gold pieces
 49186 | Vaults:1 | Bought a scroll of identify for 34 gold pieces
 49186 | Vaults:1 | Bought a scroll of enchant armour for 127 gold pieces
 51435 | Vaults:2 | Reached XP level 19. HP: 102/102 MP: 37/37
 52372 | Vaults:2 | Gained mutation: You are frail. (-10% HP) [a shining eye]
 52394 | Vaults:2 | Lost mutation: You have sharp toenails. [potion of mutation]
 52394 | Vaults:2 | Lost mutation: You are frail. (-10% HP) [potion of mutation]
 52394 | Vaults:2 | Gained mutation: You are weak. (Str -2) [potion of mutation]
 52394 | Vaults:2 | Lost mutation: You are weak. (Str -2) [potion of mutation]
 52394 | Vaults:2 | Gained mutation: Your flesh is heat resistant. (rF+) [potion of mutation]
 52394 | Vaults:2 | Gained mutation: Your muscles are strong. (Str +2) [potion of mutation]
 53180 | Vaults:2 | Found a staircase to the Crypt.
 53275 | Vaults:2 | Found a portal to a secret trove of treasure.
 53566 | Vaults:3 | Got a glittering copper ring
 53567 | Vaults:3 | Identified the ring of Zeong {Ice rElec} (You found it on level 3 of the Vaults)
 53896 | Vaults:3 | Found a roughly hewn altar of Beogh.
 53956 | Vaults:2 | Learned a level 8 spell: Discord
 54435 | Vaults:3 | Reached skill level 15 in Evocations
 56372 | Vaults:4 | Reached XP level 20. HP: 107/107 MP: 38/38
 56766 | Vaults:4 | Noticed Bai Suzhen
 56773 | Vaults:4 | Killed Bai Suzhen
 57035 | Vaults:4 | Found Fucugh Hyinn's Magic Scroll Shoppe.
 57043 | Vaults:4 | Bought a scroll of fog for 42 gold pieces
 57043 | Vaults:4 | Bought a scroll of magic mapping for 73 gold pieces
 57043 | Vaults:4 | Bought a scroll of teleportation for 63 gold pieces
 57380 | Vaults:4 | Identified a scroll of acquirement
 57382 | Vaults:4 | Got a pitted buckler
 57414 | Vaults:4 | Identified the +3 buckler of Impatience {*Contam rElec rCorr Stlth+} (You acquired it on level 4 of the Vaults)
 58179 | D:15     | Noticed Kirke
 58233 | D:15     | Killed Kirke
 58381 | Depths:1 | Entered Level 1 of the Depths
 58488 | Depths:1 | Found a gateway to Hell.
 58992 | Depths:1 | Noticed Aizul
 59009 | Depths:1 | Killed Aizul
 59152 | Depths:1 | Found a gateway to a ziggurat.
 60001 | Depths:1 | Found Egrom's Jewellery Boutique.
 60105 | Depths:1 | Found a one-way gate leading to the halls of Pandemonium.
 60434 | Depths:2 | Found an iron altar of Okawaru.
 60434 | Depths:2 | Noticed a caustic shrike
 60434 | Depths:2 | Noticed a caustic shrike
 61072 | Elf:1    | Entered Level 1 of the Elven Halls
 61110 | Elf:1    | Noticed Donald
 62391 | Elf:1    | Killed Donald
 62604 | Elf:1    | Found Kollej's Jewellery Boutique.
 62639 | Elf:1    | Identified Lonys's Tome of Enchanting Talismans
 63268 | Elf:2    | Found Nuc Zer's Armour Emporium.
 63298 | Elf:2    | Found a magical portal.
 63769 | Elf:2    | Found a huge runed gate.
 63769 | Elf:2    | Found a huge runed gate.
 63769 | Elf:2    | Found a huge runed gate.
 63770 | Elf:2    | Found a huge runed gate.
 63773 | Elf:2    | Found a huge runed gate.
 64895 | Elf:2    | Lost mutation: You evolve. [mutagenic glow]
 65083 | Elf:2    | Reached XP level 21. HP: 111/111 MP: 41/41
 65228 | Elf:3    | Entered Level 3 of the Elven Halls
 65415 | Elf:3    | Cast into level 2 of the Abyss (short sword of distortion)
 65665 | Elf:3    | Escaped the Abyss
 66181 | Elf:3    | Found Fobaruer's Magic Scroll Emporium.
 66188 | Elf:3    | Bought a scroll of teleportation for 48 gold pieces
 66188 | Elf:3    | Bought a scroll of magic mapping for 56 gold pieces
 66188 | Elf:3    | Bought a scroll of identify for 32 gold pieces
 66188 | Elf:3    | Bought a scroll of teleportation for 48 gold pieces
 66188 | Elf:3    | Bought a scroll of fog for 32 gold pieces
 66577 | Elf:3    | Identified the Catalogue of Black Arts
 67705 | Elf:3    | Got smelly steam dragon scales
 67779 | Elf:2    | Identified the +4 steam dragon scales of Pathos {-Cast rElec MR+++} (You took it off a deep elf blademaster on level 3 of the Elven Halls)
 70696 | Elf:3    | Got a scintillating golden ring
 70847 | Elf:3    | Identified the ring "Roniups" {rN+ MR++ Int+4 Dex-2} (You found it on level 3 of the Elven Halls)
 70989 | Elf:3    | Identified The Last Secrets of Spellweaving
 71036 | Elf:3    | Got a warped tin ring
 71037 | Elf:3    | Identified the ring "Wublenown" {rCorr Stlth+} (You found it on level 3 of the Elven Halls)
 71794 | Depths:2 | Noticed Naab's ghost (veteran SpEn)
 73000 | Depths:1 | a caustic shrike changed into an iron troll
 73470 | Depths:1 | a caustic shrike changed into a sphinx
 76152 | Depths:2 | Reached XP level 22. HP: 119/119 MP: 42/42
 76339 | D:15     | Bought a potion of curing for 36 gold pieces
 76339 | D:15     | Bought a potion of lignification for 36 gold pieces
 76339 | D:15     | Bought 2 potions of curing for 72 gold pieces
 76339 | D:15     | Bought a potion of heal wounds for 60 gold pieces
 76339 | D:15     | Bought a potion of heal wounds for 60 gold pieces
 76339 | D:15     | Bought a potion of magic for 96 gold pieces
 76341 | D:15     | Bought an embroidered robe for 170 gold pieces
 76341 | D:15     | Bought an embroidered robe for 170 gold pieces
 77320 | Vaults:4 | Learned a level 5 spell: Summon Mana Viper
 77328 | Vaults:4 | Learned a level 7 spell: Malign Gateway
 77367 | Vaults:5 | Entered Level 5 of the Vaults
 77374 | Vaults:5 | Reached skill level 1 in Summonings
 78288 | Vaults:5 | Gained mutation: You are clumsy. (Dex -2) [a cacodemon]
 78535 | Vaults:5 | Noticed Kriby's ghost (veteran TrMo)
 78967 | Vaults:5 | Noticed a golden dragon
 79415 | Vaults:5 | Noticed psch's ghost (adept DDEE)
 80544 | Shoals:3 | Killed Polyphemus
 80544 | Shoals:3 | Reached skill level 10 in Translocations
 81775 | Shoals:2 | Lost mutation: Your muscles are strong. (Str +2) [mutagenic glow]
 81828 | Lair:3   | Gained mutation: You occasionally shout uncontrollably at your foes. [mutagenic glow]
 82193 | Vaults:5 | Noticed a golden dragon
 83018 | Vaults:5 | Killed a golden dragon
 83094 | Vaults:5 | Killed from afar by a war gargoyle

Vault maps used:
D:1:      saegor_arrival_simple_a
D:2:      overflow_temple_1_default, nrook_mini_backslash,
          nicolae_ru_the_path_less_chosen
D:3:      chequers_ecumenical_altar_grove, uniq_ijyb, uniq_natasha, uniq_sigmund
D:4:      serial_forest, infiniplex_forest_clump_long,
          infiniplex_forest_clump_double, infiniplex_forest_lined_2,
          infiniplex_forest_clump_double, infiniplex_forest_corner_1,
          infiniplex_forest_lined_room_3, infiniplex_forest_side_room,
          infiniplex_forest_end_1, first_ration
D:5:      serial_undead, serial_undead_e, serial_undead_e, serial_undead_a,
          serial_undead_a
D:6:      okawaru_gym_becter, st_stairs_8
D:7:      minmay_temple_entry_butterflies, minivault_22, uniq_prince_ribbit1,
          uniq_duvessa, uniq_crazy_yiuf_cottage
D:8:      serial_glass, glass_columns_c, glass_columns_a, serial_shops,
          nicolae_shop_waterfront
D:9:      zin_angel, overflow_temple_1_default,
          gammafunk_temple_overflow_elements, serial_shops,
          nicolae_shop_temple_entry_statues_fountains
D:10:     david_lair_shrubbed, erik_orc_1, grunt_ogre_cave
D:12:     water_boxes_lemuel
D:13:     david_vaults_5, st_stairs_5
D:14:     portal_ice_cave_rime, fedhas_altar_4
D:15:     grunt_enter_depths_giant_problem, minmay_door_square, uniq_kirke
Temple:   nicolae_temple_elliptical
Lair:1:   uniq_nergalle
Lair:2:   basic_altar, minivault_23, grunt_forest_large_clearings
Lair:3:   regret_index_bee_streams, elwin_shoals_entry_stream,
          spider_nest_entry_rubble, uniq_rupert
Lair:4:   nicolae_quartered_pool_super
Lair:5:   dpeg_slime_entry_enclosed_altar, beast_lair_carwin_8,
          serial_bayou_shore_b
Lair:6:   evilmike_catoblepas_cave
Shoals:1: nicolae_shoals_undead_eyrie
Shoals:2: gammafunk_its_a_trap
Shoals:3: uniq_polyphemus, uniq_nikola
Shoals:4: shoals_end_hangedman, shoals_ilsuiw_alternative,
          nicolae_shoals_arrival_archipelago
Spider:1: cheibrodos_spider_silkery
Spider:2: lemuel_spider_zombies
Spider:3: uniq_arachne
Spider:4: spider_rune_water, spiders_nest_spider_trap,
          nicolae_spider_cling_ruins, uniq_mara
Orc:1:    basic_altar, led_sif_book, uniq_maurice, uniq_urug
Orc:2:    st_orc_rangers, nicolae_orc_flooded_monolith, uniq_saint_roka
Elf:1:    serial_shops, shop, minivault_28, uniq_donald
Elf:2:    mu_enter_wizlab_2, serial_shops, nicolae_shop_crystal
Elf:3:    elf_hall, serial_shops, nicolae_shop_trees, chequers_big_river
Vaults:1: vaults_dpeg_spiral, nicolae_vaults_theta, vaults_room_octagon,
          nicolae_vaults_circle_grid_a, ontoclasm_vaults_twist,
          vaults_room_semicircle, ontoclasm_vaults_shuriken,
          nicolae_vaults_alarming, st_more_cells,
          portal_desolation_entry_nicolae_slug, serial_shops,
          nicolae_shop_waterfront, nicolae_shop_stone,
          nicolae_shop_window_shopping, nicolae_shop_trees, shop
Vaults:2: minmay_crypt_entry_simple_walls, vaults_dpeg_hooks,
          hangedman_vaults_hat, nicolae_vaults_asterisk,
          nicolae_vaults_network_quincunx, vaults_room_corners,
          hangedman_vaults_restitches, hangedman_vaults_capsules, v_misc_29,
          nicolae_vaults_little_squares_3, nicolae_trove_entry_diagonal
Vaults:3: nicolae_vaults_border_crossing, nicolae_vaults_hallways_thing,
          nicolae_vaults_little_squares_4, grunt_vaults_focal,
          hangedman_vaults_cutoff, v_pattern_3, vaults_mumra_hex,
          grunt_vaults_diagonal, v_rooms_4, vaults_room_corners,
          ontoclasm_vaults_gateway, vaults_room_fancy_cross, special_room_vaults
Vaults:4: ontoclasm_vaults_idyll, ontoclasm_vaults_ligature,
          nicolae_vaults_ring_of_whatevers, grunt_vaults_hallway_long,
          v_misc_19, v_misc_18, v_alt_pattern_4,
          hangedman_vaults_stretched_pinwheel, v_misc_2, v_misc_29,
          vaults_dpeg_diagonal, hangedman_vaults_trim, v_misc_25,
          nicolae_vaults_mini_display_case, vaults_dpeg_ring, serial_shops,
          shop, uniq_bai_suzhen
Vaults:5: serial_shops
Depths:1: enter_ziggurat_f, hangedman_abyss_or_decor_stabs, hell_entry,
          serial_shops, shop_statue, grunt_pan_entry_zigzag, skrybe_limestone_x,
          lemuel_flames_and_gold, grunt_megastairs_3, uniq_aizul
Depths:2: thingy_vault, abyss_entry, grunt_hell_horde, serial_bayou,
          serial_bayou_shore_a, serial_bayou_ford_a, serial_bayou_crossing,
          serial_bayou_pond_b, serial_bayou_pond_b, grunt_ministairs_13,
          hangedman_abyss_or_decor_slice, argonaut_fire_from_heaven,
          firewood_loft, minmay_staircase_windowed_large
Abyss:2:  hangedman_decor_peaks_small, hangedman_relentless_pull

Skill      XL: |  1  2  3  4  5  6  7  8  9 10 11 12 13 14 15 16 17 18 19 20 21 22 |
---------------+-------------------------------------------------------------------+-----
Stealth        | 5 6 7 8 12 13 14 15 18 19 22 26 27 | 27.0
Short Blades   | 2 3 4 5 8 9 10 | 10.0
Spellcasting   | 4 6 7 8 10 12 | 12.0
Hexes          | 4 8 9 10 12 14 15 17 20 22 | 22.0
Fighting       | 3 4 6 8 10 12 13 14 | 14.3
Dodging        | 8 10 12 15 17 18 20 | 20.0
Shields        | 4 |  4.0
Evocations     | 2 8 10 17 19 20 | 20.0
Translocations | 4 6 11 | 11.4
Summonings     | 4 |  4.9

Action                   |  1- 3 |  4- 6 |  7- 9 | 10-12 | 13-15 | 16-18 | 19-21 | 22-24 || total
-------------------------+-------+-------+-------+-------+-------+-------+-------+-------++-------
Melee: Dagger            |    61 |    81 |   181 |   418 |   807 |   887 |  1148 |   259 ||  3842
       Kick              |       |       |       |       |       |    77 |    19 |       ||    96
       Bite              |       |       |       |       |       |     4 |       |       ||     4
       Staff             |       |       |       |       |       |       |       |    15 ||    15
 Cast: Corona            |     4 |       |       |       |       |       |       |       ||     4
       Ensorcelled Hiber |    28 |    54 |    91 |   234 |   469 |   523 |   239 |    20 ||  1658
       Confuse           |       |     4 |    22 |    37 |   101 |   126 |   298 |   117 ||   705
       Dazzling Spray    |       |       |     7 |    30 |    72 |    47 |   142 |    17 ||   315
       Blink             |       |       |       |       |     6 |     8 |    21 |     2 ||    37
       Shroud of Golubri |       |       |       |       |    10 |    46 |     2 |     2 ||    60
       Invisibility      |       |       |       |       |       |    12 |    20 |     6 ||    38
       Malign Gateway    |       |       |       |       |       |       |       |     1 ||     1
       Discord           |       |       |       |       |       |       |       |     1 ||     1
Invok: Call Merchant     |       |       |       |       |     1 |       |       |     2 ||     3
       Potion Petition   |       |       |       |       |       |       |       |     1 ||     1
       Bribe Branch      |       |       |       |       |       |       |       |     1 ||     1
Evoke: Wand              |       |       |     6 |       |     9 |    17 |     8 |     1 ||    41
  Use: Scroll            |     4 |     3 |     4 |     7 |    11 |    20 |    18 |     5 ||    72
       Potion            |       |       |       |       |     1 |     5 |    13 |     6 ||    25
 Stab: Sleeping          |    25 |    40 |    49 |   150 |   305 |   354 |   198 |    16 ||  1137
       Confused          |       |     2 |    13 |    17 |    64 |    66 |   114 |    53 ||   329
       Distracted        |       |     1 |       |     8 |    16 |    13 |    35 |     3 ||    76
       Invisible         |       |       |     2 |    12 |    21 |    53 |    81 |    14 ||   183
       Petrified         |       |       |       |       |       |       |       |     2 ||     2
  Eat: Ration            |       |     3 |     4 |     5 |     9 |    11 |    15 |     4 ||    51
Armor: Robe              |     3 |    15 |     3 |    12 |    15 |    51 |    19 |     3 ||   121
Dodge: Dodged            |    38 |    62 |   127 |   253 |   441 |   731 |   503 |   172 ||  2327
Block: Other             |       |       |    20 |    28 |       |       |       |     3 ||    51
       Reflection        |       |       |     2 |     1 |    71 |    44 |    71 |    21 ||   210
       Buckler           |       |       |       |    85 |   362 |   532 |   453 |   134 ||  1566

Table legend:
 A = Spawn XP
 B = Non-spawn XP
 C = Spawn XP percentage of total XP
 D = Spawn monster count
 E = Non-spawn monster count
 F = Spawn count percentage of total count
 G = Total turns spent on level
                    A         B        C        D         E        F      G
               +---------+---------+-------+---------+---------+-------+---------
         Total |      11 |  784068 |   0.0 |       1 |    1825 |   0.1 | 83094
               +---------+---------+-------+---------+---------+-------+---------
           D:1 |       0 |      28 |   0.0 |       0 |      14 |   0.0 |  1118
           D:2 |       0 |     121 |   0.0 |       0 |      25 |   0.0 |  1341
           D:3 |       0 |     381 |   0.0 |       0 |      32 |   0.0 |  1301
           D:4 |       0 |     269 |   0.0 |       0 |      12 |   0.0 |   738
           D:5 |       0 |    1423 |   0.0 |       0 |      34 |   0.0 |  1789
           D:6 |       0 |    1106 |   0.0 |       0 |      14 |   0.0 |   580
           D:7 |       0 |    2074 |   0.0 |       0 |      29 |   0.0 |  1260
           D:8 |       0 |    1107 |   0.0 |       0 |      22 |   0.0 |   624
           D:9 |       0 |    3053 |   0.0 |       0 |      45 |   0.0 |  1172
          D:10 |       0 |    5208 |   0.0 |       0 |      35 |   0.0 |  2100
          D:11 |       0 |    7491 |   0.0 |       0 |      44 |   0.0 |  1709
          D:12 |       0 |    8149 |   0.0 |       0 |      41 |   0.0 |  1656
          D:13 |       0 |    8523 |   0.0 |       0 |      34 |   0.0 |  1382
          D:14 |       0 |   14943 |   0.0 |       0 |      41 |   0.0 |  1585
          D:15 |       0 |   15107 |   0.0 |       0 |      43 |   0.0 |  2377
        Lair:1 |       0 |    6398 |   0.0 |       0 |      14 |   0.0 |  1369
        Lair:2 |       0 |    8764 |   0.0 |       0 |      48 |   0.0 |  2075
        Lair:3 |       0 |   15271 |   0.0 |       0 |      67 |   0.0 |  1980
        Lair:4 |       0 |    2655 |   0.0 |       0 |      10 |   0.0 |   727
        Lair:5 |       0 |   13171 |   0.0 |       0 |      48 |   0.0 |  2617
        Lair:6 |       0 |   21828 |   0.0 |       0 |      58 |   0.0 |  2292
      Shoals:1 |       0 |   10122 |   0.0 |       0 |      26 |   0.0 |  1848
      Shoals:2 |       0 |   17801 |   0.0 |       0 |      40 |   0.0 |  1892
      Shoals:3 |       0 |   16447 |   0.0 |       0 |      25 |   0.0 |  2231
      Shoals:4 |       0 |   32932 |   0.0 |       0 |      59 |   0.0 |  2270
      Spider:1 |       0 |   25470 |   0.0 |       0 |      55 |   0.0 |  1479
      Spider:2 |       0 |   23135 |   0.0 |       0 |      55 |   0.0 |  2324
      Spider:3 |       0 |   16600 |   0.0 |       0 |      50 |   0.0 |  1298
      Spider:4 |       0 |   38688 |   0.0 |       0 |      89 |   0.0 |  2342
         Orc:1 |       0 |    8125 |   0.0 |       0 |      21 |   0.0 |  1769
         Orc:2 |       0 |    8971 |   0.0 |       0 |      49 |   0.0 |  2758
         Elf:1 |       0 |   28576 |   0.0 |       0 |      44 |   0.0 |  1644
         Elf:2 |       0 |   30435 |   0.0 |       0 |      39 |   0.0 |  2708
         Elf:3 |       0 |   65883 |   0.0 |       0 |      62 |   0.0 |  5190
      Vaults:1 |       0 |   32785 |   0.0 |       0 |      67 |   0.0 |  2643
      Vaults:2 |       0 |   52855 |   0.0 |       0 |      90 |   0.0 |  3054
      Vaults:3 |       0 |   56966 |   0.0 |       0 |      89 |   0.0 |  3026
      Vaults:4 |       0 |   57047 |   0.0 |       0 |      82 |   0.0 |  4745
      Vaults:5 |       0 |   37526 |   0.0 |       0 |      67 |   0.0 |   673
      Depths:1 |       0 |   41154 |   0.0 |       0 |      48 |   0.0 |  5196
      Depths:2 |       0 |   45441 |   0.0 |       0 |      57 |   0.0 |  1820
       Abyss:2 |      11 |      39 |  22.0 |       1 |       1 |  50.0 |   250
               +---------+---------+-------+---------+---------+-------+---------
